 Dungeon Crawl Stone Soup version 0.21-a0-442-g848f44b (webtiles) character file.

8 esteth the Sneak (level 2, 0/13 HPs)
             Began as a Spriggan Enchanter on Nov 16, 2017.
             Killed from afar by a dart slug (6 damage)
             ... with a slug dart
             ... on level 1 of the Dungeon.
             The game lasted 00:01:47 (655 turns).

esteth the Sneak (Spriggan Enchanter)                Turns: 655, Time: 00:01:48

Health: 0/13       AC:  2    Str:  4    XL:     2   Next: 0%
Magic:  5/6        EV: 18    Int: 16    God:
Gold:   44         SH:  0    Dex: 16    Spells: 3/6 levels left

rFire    . . .     SeeInvis +   a - +1 dagger
rCold    . . .     Gourm    .   (shield restricted)
rNeg     . . .     Faith    .   b - +0 robe
rPois    .         Spirit   .   (helmet restricted)
rElec    .         Reflect  .   (no cloak)
rCorr    .         Harm     .   (gloves unavailable)
MR       .....                  (boots unavailable)
Stlth    +++.......             (no amulet)
HPRegen  0.04/turn              (no ring)
MPRegen  0.10/turn              (no ring)

@: very quick
A: unfitting armour, see invisible, herbivore 3, speed 3, slow metabolism 2
a: no special abilities


You were on level 1 of the Dungeon.
You were not hungry.

You visited 1 branch of the dungeon, and saw 1 of its levels.

You collected 44 gold pieces.

Inventory:

Hand Weapons
 a - a +1 dagger (weapon)
Missiles
 f - 3 curare-tipped needles
Armour
 b - a +0 robe (worn)
Scrolls
 g - 2 scrolls of identify {unknown}
Potions
 e - a potion of invisibility {unknown}
Books
 c - a book of Maledictions

   Spells                             Type                      Level
   a - Corona                         Hexes                        1
   b - Ensorcelled Hibernation        Hexes/Ice                    2
   c - Confuse                        Hexes                        3
   d - Tukima's Dance                 Hexes                        3
   e - Dazzling Spray                 Conjuration/Hexes            3
Comestibles
 d - 2 bread rations


   Skills:
 - Level 1.1 Short Blades
 - Level 3.0 Dodging
 + Level 4.9 Stealth
 - Level 2.6 Spellcasting
 + Level 4.0 Hexes


You had 3 spell levels left.
You knew the following spells:

 Your Spells              Type           Power        Failure   Level  Hunger
a - Corona                Hex            ###....      3%          1    #......
b - Ensorcelled Hibernat  Hex/Ice        #.....       13%         2    ##.....


Dungeon Overview and Level Annotations

Branches:
Dungeon (1/15)

Altars:


Innate Abilities, Weirdness & Mutations

You are very small and have problems with some larger weapons.
You are too small for most types of armour.
You have supernaturally acute eyesight. (SInv)
You are a herbivore.
You cover ground extremely quickly.
You need consume almost no food.


Message History

The dart slug is outlined in light.
The dart slug bites you.
You hit the dart slug.
The dart slug is moderately wounded.
The dart slug bites you.
You hit the dart slug but do no damage.
The dart slug is moderately wounded.
You hit the dart slug.
The dart slug is heavily wounded.
The dart slug barely misses you.
You hit the dart slug.
The dart slug is heavily wounded.
The goblin hits you.
You hit the dart slug but do no damage.
The dart slug is heavily wounded.
The dart slug closely misses you. The goblin closely misses you.
You hit the dart slug.
The dart slug is severely wounded.
The dart slug launches a dart at you. The slug dart hits you!
You die...

..........# #....#
♣.♣.♣.....# ####....#
..........# #†......#
..♣.♣.....######.#####.....
.................###
>......
....##########.....#
....... ....# #.....#
....... ######## #.....#
...... ........ #..@..#
.... .......P #..wg.....P
......PP #........P♣
.[....P♣ P$.......PP♣
####P.♣♣ ♣.♣♣......P♣♣ #
..♣ ♣♣♣....♣♣ ##### .P.
....P ....+ .. ...... ...##


You could see a dart slug and a goblin.

Vanquished Creatures
  A dart slug (D:1)
  2 goblins (D:1)
  A kobold (D:1)
  A frilled lizard (D:1)
  A rat (D:1)
6 creatures vanquished.

Notes
Turn   | Place    | Note
-------+----------+-------------------------------------------
     0 | D:1      | esteth the Spriggan Enchanter began the quest for the Orb.
     0 | D:1      | Reached XP level 1. HP: 9/9 MP: 5/5
   627 | D:1      | Reached XP level 2. HP: 13/13 MP: 6/6
   633 | D:1      | Learned a level 2 spell: Ensorcelled Hibernation
   655 | D:1      | Killed from afar by a dart slug

Vault maps used:
D:1:      dpeg_arrival_castle, serial_forest, infiniplex_forest_lined_room_2,
          infiniplex_forest_clump_tiny, infiniplex_forest_clump_long,
          infiniplex_forest_clump_long, infiniplex_forest_end_3,
          infiniplex_forest_lined_room_, infiniplex_forest_lined_2,
          infiniplex_forest_3_way, infiniplex_forest_lined_3_way

Skill      XL: |  1 |
---------------+----+-----
Hexes          | 4 |  4.0
Short Blades   | |  1.1
Dodging        | |  3.0
Stealth        | |  4.9
Spellcasting   | |  2.6

Action                   || total
-------------------------++-------
Melee: Dagger            ||    25
 Cast: Corona            ||     3
 Stab: Sleeping          ||     3
Armor: Robe              ||     1
Dodge: Dodged            ||    13

Table legend:
 A = Spawn XP
 B = Non-spawn XP
 C = Spawn XP percentage of total XP
 D = Spawn monster count
 E = Non-spawn monster count
 F = Spawn count percentage of total count
 G = Total turns spent on level
                    A         B        C        D         E        F      G
               +---------+---------+-------+---------+---------+-------+---------
         Total |       0 |      12 |   0.0 |       0 |       6 |   0.0 |   655
               +---------+---------+-------+---------+---------+-------+---------
           D:1 |       0 |      12 |   0.0 |       0 |       6 |   0.0 |   655
               +---------+---------+-------+---------+---------+-------+---------
